 Dungeon Crawl Stone Soup version 0.21.1-1-g345015f (webtiles) character file.

44 shakethe the Shield-Bearer (level 3, -1/20 HPs)
             Began as a Vine Stalker Fighter on Feb 23, 2018.
             Succumbed to a gnoll's poison
             ... on level 1 of the Dungeon.
             The game lasted 00:02:06 (1132 turns).

shakethe the Shield-Bearer (Vine Stalker Fighter)   Turns: 1132, Time: 00:02:07

Health: -1/20      AC: 13    Str: 18    XL:     3   Next: 60%
Magic:  4/4        EV:  7    Int:  9    God:
Gold:   76         SH:  9    Dex: 13    Spells: 2/2 levels left

rFire    . . .     SeeInvis .   i - +0 dagger (protect)
rCold    . . .     Gourm    .   c - +0 shield
rNeg     . . .     Faith    .   b - +0 scale mail
rPois    .         Spirit   +   (no helmet)
rElec    .         Reflect  .   (no cloak)
rCorr    .         Harm     .   (no gloves)
MR       .....                  (no boots)
Stlth    ..........             (no amulet)
HPRegen  0.06/turn              (no ring)
MPRegen  0.09/turn              (no ring)

@: lethally poisoned (-1 -> -26), protection aura
A: fangs 2, magic shield, antimagic bite, no potion heal 3, rot immunity
a: no special abilities


You were on level 1 of the Dungeon.
You were not hungry.

You visited 1 branch of the dungeon, and saw 2 of its levels.

You collected 76 gold pieces.

Inventory:

Hand Weapons
 a - a +0 rapier
 i - a +0 dagger of protection (weapon)
   (You took it off a kobold on level 1 of the Dungeon)
Armour
 b - a +0 scale mail (worn)
 c - a +0 shield (worn)
Jewellery
 h - an uncursed ring of resist corrosion {unknown}
   (You found it on level 1 of the Dungeon)
 k - an uncursed amulet of magic regeneration {unknown}
   (You found it on level 1 of the Dungeon)
Scrolls
 e - a scroll of blinking {!r}
Potions
 d - a potion of might
 g - a potion of curing {unknown}
 j - a potion of resistance {unknown}
Comestibles
 f - 2 rations


   Skills:
 + Level 3.0 Fighting
 * Level 2.4 Short Blades
 + Level 2.7 Armour
 + Level 0.4 Dodging
 + Level 3.0 Shields


You had 2 spell levels left.
You didn't know any spells.

Dungeon Overview and Level Annotations

Branches:
Dungeon (2/15)

Altars:


Innate Abilities, Weirdness & Mutations

You have extremely sharp teeth.
When hurt, damage is shared between your health and your magic reserves.
Your bite disrupts and absorbs the magic of your enemies.
Potions cannot restore your health.
You are immune to rotting.


Message History

You are too injured to fight recklessly!
You feel sick.
You see here an adder corpse.
You take 1 damage, and have 10/20 hp.
You are too injured to fight recklessly!
You feel sick.
You see here an adder corpse.
You take 1 damage, and have 9/20 hp.
You now have 76 gold pieces (gained 5).
You feel sick.
You take 1 damage, and have 8/20 hp.
MP restored: 4 There isn't anything here!
You see here an adder corpse.
You butcher the adder corpse.
l - 2 chunks of flesh {@w0@w0} You see here an adder skeleton.
You feel sick.
You take 1 damage, and have 7/20 hp.
There isn't anything to butcher here.
You start resting.
You feel sick. x4
You are no longer poisoned.
You take 3 damage, and have 4/20 hp.
You see here an adder skeleton.
You start resting.
A dart slug comes into view.
You regained 12 hp, and now have 16/20 hp.
You hit the dart slug.
Your weapon exudes an aura of protection.
You bite the dart slug. You drain its power.
The dart slug bites you but does no damage.
You hit the dart slug. You bite the dart slug. You drain its power.
The dart slug bites you.
You take 2 damage, and have 14/20 hp.
You hit the dart slug.
You kill the dart slug!
You see here a dart slug corpse.
You start resting.
All of the chunks of flesh in your inventory have rotted away.
You are feeling hungry.
You regained 4 hp, and now have 18/20 hp.
You start resting.
Health restored: 20 You see here a dart slug corpse.
You butcher the dart slug corpse.
l - a chunk of flesh {@w0@w0} Eating a chunk of flesh {@w0@w0}.
You eat the chunk of flesh {@w0@w0}.
Okay, then.
A gnoll comes into view.
It is wielding a halberd. 4 gnolls come into view.
A gnoll is wielding a spear of venom.
The gnoll shouts! x3; You hear a shout! x2
The gnoll moves out of view. x2
A gnoll comes into view.
The gnoll shouts!
A gnoll comes into view. It is wielding a whip.
A gnoll comes into view.
There is a stone staircase leading up here.
You block the gnoll's attack. The gnoll barely misses you.
There is a stone staircase leading up here.
The gnoll hits you with a spear of venom!
You are lethally poisoned!
The gnoll hits you but does no damage.
The gnoll hits you from afar with a spear.
You climb upwards.
You feel very sick.
There is a stone staircase leading down here.
You take 10 damage, and have 10/20 hp.
MASSIVE DAMAGE!!
You now have 3/4 mp.
You hit the gnoll but do no damage.
Your weapon exudes an aura of protection.
You feel sick. You block the gnoll's attack.
The gnoll hits you but does no damage.
You take 1 damage, and have 9/20 hp.
You hit the gnoll but do no damage. You bite the gnoll. You drain its power.
You feel invigorated.
You feel sick.
The gnoll hits you with a spear of venom.
You are more poisoned.
The gnoll barely misses you.
You take 2 damage, and have 7/20 hp.
MP restored: 4 You closely miss the gnoll.
You bite the gnoll. You drain its power.
* * * LOW HITPOINT WARNING * * *
You feel sick. You block the gnoll's attack.
The gnoll hits you but does no damage.
You take 1 damage, and have 6/20 hp.
You hit the gnoll.
* * * LOW HITPOINT WARNING * * *
You feel sick. The gnoll hits you but does no damage.
You are more poisoned.
The gnoll hits you.
* * * LOW HITPOINT WARNING * * *
You take 5 damage, and have 1/20 hp.
MASSIVE DAMAGE!!
You now have 1/4 mp.
Unknown command.
Unknown command.
Unknown command.
You hit the gnoll but do no damage. You bite the gnoll. You drain its power.
You feel invigorated.
You die...

#......>..# #..###
#..... #.........#
#.## #)###.
#.........# #.# ####.#
## #.........###.#
#....# #..........##.#
#.####
#...).........###.#
#...(......###....#
####(###.g.###.####
#(# #@......# #(#
#g..##### #)# #...#
#.# #...#
#.####################
#.....................
######################


You could see 2 gnolls.

Vanquished Creatures
  An adder (D:2)
  2 dart slugs
  5 bats (D:1)
  A giant cockroach (D:1)
  5 goblins (D:1)
  4 hobgoblins (D:1)
  2 jackals (D:1)
  4 kobolds
  A ball python (D:1)
  2 frilled lizards (D:1)
27 creatures vanquished.

Notes
Turn   | Place    | Note
-------+----------+-------------------------------------------
     0 | D:1      | shakethe the Vine Stalker Fighter began the quest for the Orb.
     0 | D:1      | Reached XP level 1. HP: 11/11 MP: 2/2
   190 | D:1      | Reached skill level 2 in Short Blades
   190 | D:1      | Reached XP level 2. HP: 16/16 MP: 3/3
   331 | D:1      | Reached XP level 3. HP: 11/19 MP: 4/4
   753 | D:2      | Reached skill level 3 in Fighting
   753 | D:2      | Reached skill level 3 in Shields
   772 | D:2      | HP: 5/20 [poisoned by an adder]
  1131 | D:1      | HP: 4/20 [poisoned by a gnoll]
  1131 | D:1      | HP: 1/20 [gnoll (3)]
  1132 | D:1      | Succumbed to a gnoll's poison

Skill      XL: |  1  2  3 |
---------------+----------+-----
Short Blades   | 2 |  2.4
Fighting       | 3 |  3.0
Shields        | 3 |  3.0
Armour         | |  2.7
Dodging        | |  0.4

Action                   || total
-------------------------++-------
Melee: Rapier            ||    61
       Bite              ||    18
       Dagger            ||    29
  Use: Scroll            ||     2
  Eat: Chunk             ||     1
Armor: Scale mail        ||    46
Dodge: Dodged            ||    25
Block: Shield            ||    51

Vault maps used:
D:1:      minmay_arrival_hallway, hangedman_glass_teeth, corner_web_ring
D:2:      amethyst_overflow_temple_binary

Table legend:
 A = Turns spent in this place as a percentage of turns spent in the entire game.
 B = Non-inter-level travel turns spent in this place as a percentage of non-inter-level travel turns spent in the entire game.
 C = Inter-level travel turns spent in this place as a percentage of turns spent in this place.
 D = Turns resting spent in this place as a percentage of non-inter-level travel turns spent in this place.
 E = Turns spent auto-exploring this place as a percentage of non-inter-level travel turns spent in this place.
 F = Non-inter-level travel turns spent in this place divided by the number of levels of this place that you've seen.
                   A       B       C       D       E      F
               +-------+-------+-------+-------+-------+----------------------
         Total | 100.0 | 100.0 |   0.6 |  37.8 |  37.1 | 562.5
       Dungeon | 100.0 | 100.0 |   0.6 |  37.8 |  37.1 | 562.5
               +-------+-------+-------+-------+-------+----------------------

Table legend:
 A = Kills in this place as a percentage of kills in entire the game.
 B = Kills by you in this place as a percentage of kills by you in the entire game.
 C = Kills by friends in this place as a percentage of kills by friends in the entire game.
 D = Other kills in this place as a percentage of other kills in the entire game.
 E = Experience gained in this place as a percentage of experience gained in the entire game.
 F = Experience gained in this place divided by the number of levels of this place that you have seen.
                   A       B       C       D       E      F
               +-------+-------+-------+-------+-------+----------------------
         Total | 100.0 | 100.0 |   N/A |   N/A | 100.0 |  31.5
       Dungeon | 100.0 | 100.0 |   N/A |   N/A | 100.0 |  31.5
               +-------+-------+-------+-------+-------+----------------------
